 Dungeon Crawl Stone Soup version 0.30-a0-782-ge64f9170bb (webtiles) character file.

Game seed: 1039717511118061575

182 Barriton the Conjurer (level 5, -3/38 HPs)
             Began as a Draconian Conjurer on Feb 20, 2023.
             Was an Initiate of Vehumet.
             Killed from afar by an orc wizard (7 damage)
             ... with a puff of flame
             ... on level 4 of the Dungeon.
             The game lasted 00:09:13 (4029 turns).

Barriton the Conjurer (Draconian Conjurer)          Turns: 4029, Time: 00:09:14

Health: -3/38      AC:  5    Str:  9    XL:     5   Next: 34%
Magic:  3/9        EV: 11    Int: 21    God:    Vehumet [......]
Gold:   212        SH:  2    Dex:  9    Spells: 7/10 levels left

rFire   . . .      SeeInvis .    b - +0 falchion
rCold   . . .      Faith    .    j - +0 buckler
rNeg    . . .      Spirit   .    (body armour unavailable)
rPois   .          Reflect  .    (helmet restricted)
rElec   .          Harm     .    (no cloak)
rCorr   .          Rampage  .    (no gloves)
Will    .....                    (no boots)
Stlth   ++                       (no amulet)
HPRegen 0.26/turn                (no ring)
MPRegen 0.11/turn                (no ring)

@: no status effects
A: AC +5, unfitting armour, cold-blooded
a: Renounce Religion


You were on level 4 of the Dungeon.
You worshipped Vehumet.
Vehumet was noncommittal.
You visited 2 branches of the dungeon, and saw 5 of its levels.

You collected 212 gold pieces.

Inventory:

Hand Weapons
 b - a +0 falchion (weapon)
Armour
 j - a +0 buckler (worn)
Scrolls
 c - a scroll of identify
 f - a scroll of blinking
Potions
 a - a potion of magic
 d - a potion of haste {unknown}
 e - a potion of might {unknown}
 g - a potion of attraction
 h - 3 potions of curing
 i - a potion of invisibility {unknown}
 l - a potion of ambrosia {unknown}
 m - a potion of resistance {unknown}


   Skills:
 + Level 0.4 Long Blades
 + Level 2.3 Dodging
 + Level 2.6 Stealth
 + Level 0.2 Unarmed Combat
 + Level 3.2 Spellcasting
 + Level 5.2 Conjurations


You had 7 spell levels left.
You knew the following spells:

 Your Spells              Type           Power      Damage    Failure   Level
a - Magic Dart            Conj           100%       1d8       1%          1
b - Searing Ray           Conj           50%        2d6       3%          2

Your spell library contained the following spells:

 Spells                   Type           Power      Damage    Failure   Level
 Dazzling Flash           Conj/Hex       28%        N/A       19%         3
 Ignite Poison            Fire/Tmut/Pois 3%         N/A       47%         3
 Kindle Blastsparks       Fire/Tloc/Air  6%         2d10      47%         3
 Fulminant Prism          Conj/Hex       7%         3d7       52%         4
 Iskenderun's Mystic Bla  Conj/Tloc      14%        2d5       52%         4
 Freezing Cloud           Conj/Ice/Air   5%         6-21      94%         5


Dungeon Overview and Level Annotations

Branches:
Dungeon (4/15)             Temple (1/1) D:4

Altars:
Ashenzari
Dithmenos
Elyvilon
Fedhas
Gozag
Hepliaklqana
Kikubaaqudgha
Nemelex Xobeh
Okawaru
Qazlal
Trog
Uskayaw
Vehumet
Wu Jian
Xom
Yredelemnul
Zin
The Shining One

Annotations:
Temple 2 transporters


Innate Abilities, Weirdness & Mutations

Your plain brown scales are hard. (AC +5)
You cannot fit into any form of body armour.
You are cold-blooded and may be slowed by cold attacks.


Message History

Casting: Magic Dart (safe; 1% risk of failure)
Confirm with . or Enter, or press ? or * to list all spells.
Aiming: Magic Dart (safe; 1% risk of failure)
Press: ? - help, Shift-Dir - straight line, f - orc wizard
Aim: an orc wizard, wielding a +0 dagger and wearing a +1 robe of willpower (moderately wounded, 100% to hit)
The magic dart hits the orc wizard but does no damage.
The orc wizard is moderately wounded.
Casting: Magic Dart (safe; 1% risk of failure)
Confirm with . or Enter, or press ? or * to list all spells.
Aiming: Magic Dart (safe; 1% risk of failure)
Press: ? - help, Shift-Dir - straight line, f/p - orc wizard
Aim: an orc wizard, wielding a +0 dagger and wearing a +1 robe of willpower (moderately wounded, 100% to hit)
The magic dart hits the orc wizard.
The orc wizard is heavily wounded.
Casting: Magic Dart (safe; 1% risk of failure)
Confirm with . or Enter, or press ? or * to list all spells.
Aiming: Magic Dart (safe; 1% risk of failure)
Press: ? - help, Shift-Dir - straight line, f/p - orc wizard
Aim: an orc wizard, wielding a +0 dagger and wearing a +1 robe of willpower (heavily wounded, 100% to hit)
The magic dart hits the orc wizard but does no damage.
The orc wizard is heavily wounded.
The orc wizard hits you but does no damage.
Casting: Magic Dart (safe; 1% risk of failure)
Confirm with . or Enter, or press ? or * to list all spells.
Aiming: Magic Dart (safe; 1% risk of failure)
Press: ? - help, Shift-Dir - straight line, f/p - orc wizard
Aim: an orc wizard, wielding a +0 dagger and wearing a +1 robe of willpower (heavily wounded, 100% to hit)
The magic dart hits the orc wizard.
The orc wizard is severely wounded.
The orc wizard mumbles some strange words.
The orc wizard flickers and vanishes!
Deactivating autopickup; reactivate with Ctrl-A.
Something hits you.
* * * LOW HITPOINT WARNING * * *
Something hits you.
* * * LOW HITPOINT WARNING * * *
You hear some strange, mumbled words.
A puff of flame appears from out of thin air!
The puff of flame hits you!
You die...

##.#.#....#.####......#..........
#.....#..#....#...........######
####....#####.#......#..........
### #####.#....#........#########
..#######.#.####.#.<.#........
#....................#########
...#####..........#..# . ....##
#.............# #.### .....#
#........@....# .#.... .....#
#..........##.# ....# [....#
#........{....###....# .....#
##.........##..#.....#
.....####.........##..)....#
.....................#.....#
....###...........#..#........
...######..........#.#.#......
###.....#..........#.#.#.....#


There were no monsters in sight!

Vanquished Creatures
  A hound (D:4)
  An orc wizard (D:4)
  4 adders
  3 worms
  3 dart slugs
  2 orcs (D:4)
  7 ball pythons
  4 endoplasms
  4 giant cockroaches
  8 goblins
  9 hobgoblins
  8 kobolds
  2 quokkas
  6 bats
  6 frilled lizards
  8 rats
76 creatures vanquished.

Notes
Turn   | Place    | Note
-------+----------+-------------------------------------------
     0 | D:1      | Barriton the Draconian Conjurer began the quest for the
                  | Orb.
     0 | D:1      | Reached XP level 1. HP: 14/14 MP: 3/3
   202 | D:1      | Reached XP level 2. HP: 20/20 MP: 1/5
   322 | D:1      | Learned a level 2 spell: Searing Ray
   904 | D:1      | Reached XP level 3. HP: 26/26 MP: 0/6
  1594 | D:2      | Reached XP level 4. HP: 28/33 MP: 1/7
  1937 | D:2      | Found a hazy altar of Hepliaklqana.
  3328 | D:4      | Reached skill level 5 in Conjurations
  3328 | D:4      | Reached XP level 5. HP: 38/38 MP: 0/9
  3500 | D:4      | Found a staircase to the Ecumenical Temple.
  3637 | Temple   | Entered the Ecumenical Temple
  3637 | Temple   | Found a transporter.
  3637 | Temple   | Found a transporter.
  3639 | Temple   | Found a transporter.
  3639 | Temple   | Found a transporter.
  3656 | Temple   | Became a worshipper of Vehumet
  3791 | D:4      | Identified the +1 ring mail "Nuxab" {rElec Int+2 Dex+3}
  4029 | D:4      | Killed from afar by an orc wizard

Illustrated notes

Levels and vault maps discovered:
D:1:      minmay_arrival_four_houses, layout_loops_corners
D:2:      layout_loops_ring, basic_altar, minmay_misc_feat_rows
D:3:      layout_basic
D:4:      layout_rooms, minmay_temple_entry_nine_rooms, serial_co_window_serial,
          co_window_paths_b, co_window_of_opportunity_a, co_window_corner_a,
          co_window_paths_a, co_window_paths_b, co_window_of_opportunity_a,
          co_window_paths_c, co_window_unsneaky_path_e, co_window_paths_c,
          co_window_corner_cb, co_window_4corner_b, co_window_paths_e,
          glass_columns_c, glass_columns_a, glass_columns_a, glass_columns_b,
          glass_columns_a
Temple:   hellmonk_temple_divided_pantheon

Skill      XL: |  1  2  3  4 |
---------------+-------------+-----
Dodging        | 2 |  2.3
Stealth        | 2 |  2.6
Spellcasting   | 3 |  3.2
Conjurations   | 5 |  5.2
Long Blades    | |  0.4
Unarmed Combat | |  0.2

Action                     |  1- 3 |  4- 6 || total
---------------------------+-------+-------++-------
  Melee: Unarmed           |     7 |       ||     7
         Falchion          |    25 |    44 ||    69
         Tailslap          |     7 |     1 ||     8
         Punch             |     2 |       ||     2
   Cast: Magic Dart        |    66 |    96 ||   162
         Searing Ray       |       |     1 ||     1
    Use: Scroll            |     3 |     6 ||     9
         Potion            |       |     1 ||     1
 Armour: Skin              |    13 |    36 ||    49
  Dodge: Dodged            |    20 |    32 ||    52
  Block: Buckler           |       |     1 ||     1

Table legend: (Time is in decaauts)
 A = Elapsed time spent in this place.
 B = Non-inter-level travel time spent in this place.
 C = Inter-level travel time spent in this place.
 D = Time resting spent in this place.
 E = Time spent auto-exploring this place.
 F = Levels seen in this place.
 G = Mean time per level.
                   A        B        C        D        E       F      G
               +--------+--------+--------+--------+--------+-----+--------+
         Total |   4057 |   3910 |    147 |      0 |   3349 |   5 |  811.4 |
       Dungeon |   4019 |   3872 |    147 |      0 |   3349 |   4 | 1004.8 |
        Temple |     37 |     37 |      0 |      0 |      0 |   1 |   37.0 |
               +--------+--------+--------+--------+--------+-----+--------+

Top non-repeatable levels by time:
     D:1: 1442 daAuts
     D:2: 1073 daAuts
     D:4: 944 daAuts
     D:3: 559 daAuts
  Temple: 37 daAuts
